 Dungeon Crawl Stone Soup version 0.31.0-9-g3a7656b989 (webtiles) character file.

Game seed: 6582903434439203701

95 ChrisAssaf the Ruffian (level 4, -3/42 HPs)
             Began as a Human Shapeshifter on Jan 24, 2024.
             Was a Follower of Hepliaklqana.
             Frozen to death by an endoplasm (5 damage)
             ... on level 1 of the Dungeon.
             The game lasted 00:07:05 (2482 turns).

ChrisAssaf the Ruffian (Human Shapeshifter)         Turns: 2482, Time: 00:07:07

Health: -3/42      AC: 22    Str: 15    XL:     4   Next: 65%
Magic:  4/4        EV:  2    Int: 12    God:    Hepliaklqana [*.....]
Gold:   177        SH:  0    Dex: 12    Spells: 3/3 levels left

rFire   . .          .
                       - Unarmed
rCold   . . .        (no shield)
rNeg    . . .        a - melded +1 animal skin
rPois   +            (helmet currently unavailable)
rElec   .            (cloak currently unavailable)
rCorr   .            (gloves currently unavailable)
SInv    .            (boots currently unavailable)
Will    .....        (no amulet)
Stlth   +            (no ring)
HPRegen 0.27/turn    (no ring)
MPRegen 0.09/turn

%: no passive effects
@: mighty, brilliant, tree-form
A: stationary, stasis, torment immunity, boosted hp, reduced essence, explore
regen, (horns 1), (electricity resistance)
a: Renounce Religion, Recall Ancestor, Ancestor Identity


You were on level 1 of the Dungeon.
You worshipped Hepliaklqana.
Hepliaklqana was aware of your devotion.
You were a tree.
You visited 1 branch of the dungeon, and saw 3 of its levels.

You collected 177 gold pieces.

Inventory:

Missiles
 g - 4 javelins (quivered)
 j - 5 boomerangs
Armour
 a - a +1 animal skin (melded)
Jewellery
 e - an amulet of magic regeneration
Talismans
 c - a beast talisman
 d - a flux talisman (active)
Scrolls
 m - a scroll of amnesia
 o - a scroll of immolation
Potions
 b - a potion of lignification
 f - a potion of brilliance
 h - a potion of haste
 i - a potion of degeneration
 l - a potion of ambrosia {unknown}
 n - a potion of mutation
 p - a potion of resistance {unknown}


   Skills:
 * Level 1.3 Fighting
 * Level 0.7 Throwing
 * Level 0.9 Armour
 * Level 2.3 Dodging
 * Level 0.8 Stealth
 * Level 3.9 Unarmed Combat
 * Level 0.2 Spellcasting
 * Level 0.2 Invocations
 * Level 3.5 Shapeshifting


You had 3 spell levels left.
You didn't know any spells.
Your spell library contained the following spells:

 Spells                   Type           Power      Damage    Failure   Level
 Ensorcelled Hibernation  Hex/Ice        0%         N/A       45%         2
 Fugue of the Fallen      Necr           0%         N/A       69%         3
 Summon Ice Beast         Ice/Summ       0%         N/A       69%         3
 Anguish                  Hex/Necr       0%         N/A       97%         4
 Summon Mana Viper        Hex/Summ       0%         N/A       100%        5
 Monstrous Menagerie      Summ           0%         N/A       100%        7


Dungeon Overview and Level Annotations

Branches:
Dungeon (3/15)

Altars:
Gozag
Hepliaklqana
Sif Muna
Uskayaw
Yredelemnul


Innate Abilities, Weirdness & Mutations

You are a tree.
Your roots penetrate the ground, keeping you stationary.
You cannot be teleported.
You are immune to unholy pain and torment.
Your maximum health is greatly increased.
Your equipment is partially melded.
Your life essence is reduced to manifest your ancestor. (-10% HP)
You regain HP and MP as you explore.
((You have a pair of small horns on your head.))
((You are resistant to electric shocks. (rElec)))


Message History

You kill the ball python!
The rat closely misses Bantay.
The endoplasm freezes you.
You are frozen.
* * * LOW HITPOINT WARNING * * *
Bantay misses the rat.
The rat bites Bantay.
The jackal barely misses Bantay.
It was a potion of brilliance.
You feel clever all of a sudden.
Bantay hits the rat.
The rat dies!
The jackal barely misses Bantay.
The endoplasm completely misses you.
Your transformation has ended.
Your +1 animal skin unmelds from your body.
You turn into a tree.
Your +1 animal skin melds into your body.
Your roots penetrate the ground.
The giant cockroach waves its antennae.
Bantay hits the giant cockroach.
The jackal pauses to sniff the ground.
The endoplasm freezes you.
You are frozen.
* * * LOW HITPOINT WARNING * * *
The endoplasm hits you but does no damage.
Unknown command.
You hit the endoplasm.
You kill the endoplasm!
The bat closely misses Bantay.
The bat barely misses Bantay.
Bantay misses the giant cockroach.
The endoplasm freezes you.
You are frozen.
* * * LOW HITPOINT WARNING * * *
The jackal bites you but does no damage.
The hobgoblin hits Bantay.
The bat hits Bantay.
It was a potion of might.
You feel very mighty all of a sudden.
Bantay misses the giant cockroach.
The jackal bites you but does no damage.
The endoplasm freezes you.
You are frozen.
You die...

#### ### #.###.##.##
#############################..##
..##......#.................###..
#....#....#...#..########...# ##.
.#....###...##..## ....#...####.
.....#.#.......#####....#...#....
.#...#.........8.#.#J⌠..#...####.
...#..##.##......JRgg...#...# #.
#..##...........♣hBw.J..#...####.
#......##......8.#b#l...#......#.
..#......#.....#####....#...##.#.
...#..##...#....## ....#...#..#.
.#..#...#..##....########...##.#.
.#..##......................##.#.
.....#...#...#........###...##.##
#...#....#....#.............##...
....)(#.....................##...


You could see the friendly Bantay the ancestor, a dart slug, 3 endoplasms, a
jackal, a giant cockroach (ally target), 2 hobgoblins, a bat and a frilled
lizard.

Vanquished Creatures
  Terence (D:2)
  2 adders (D:2)
  An orc (D:3)
  6 ball pythons
  3 endoplasms
  A giant cockroach (D:1)
  6 goblins
  6 hobgoblins
  6 kobolds
  2 quokkas (D:1)
  4 bats
  3 frilled lizards
  5 rats
46 creatures vanquished.

Vanquished Creatures (collateral kills)
  A bat (D:1)
  2 ball pythons (D:1)
  A rat (D:1)
4 creatures vanquished.

Grand Total: 50 creatures vanquished

Notes
Turn   | Place    | Note
-------+----------+-------------------------------------------
     0 | D:1      | ChrisAssaf the Human Shapeshifter began the quest for the
                  | Orb.
     0 | D:1      | Reached XP level 1. HP: 15/15 MP: 1/1
    58 | D:1      | Found a large runed translucent door.
    58 | D:1      | Found a large runed translucent door.
   210 | D:1      | Reached XP level 2. HP: 21/21 MP: 2/2
   325 | D:2      | Noticed Terence
   341 | D:2      | Killed Terence
   342 | D:2      | Reached XP level 3. HP: 5/26 MP: 3/3
   598 | D:3      | Gained mutation: You have a pair of small horns on your
                  | head. [potion of mutation]
   598 | D:3      | Gained mutation: You are resistant to electric shocks.
                  | (rElec) [potion of mutation]
  1014 | D:3      | Found a hazy altar of Hepliaklqana.
  1014 | D:3      | Found a hide-covered altar of Uskayaw.
  1016 | D:3      | Found a basalt altar of Yredelemnul.
  1022 | D:3      | Found a shimmering blue altar of Sif Muna.
  1038 | D:3      | Became a worshipper of Hepliaklqana the Forgotten
  1112 | D:3      | Found an opulent altar of Gozag.
  1451 | D:2      | Reached XP level 4. HP: 18/32 MP: 4/4
  2030 | D:1      | Found a faded altar of an unknown god.
  2043 | D:1      | Reached * piety under Hepliaklqana
  2481 | D:1      | HP: 2/42 [frozen (3)]
  2482 | D:1      | Frozen to death by an endoplasm

Illustrated notes

Levels and vault maps discovered:
D:1:      erik_arrival_cave_to_civilisation [erik_arrival_cave_to_temple],
          layout_loops_ring, hellmonk_ecumenical_altar_blasted
D:2:      layout_loops_ring, minmay_box_of_dots, uniq_terence
D:3:      layout_loops_ring, marbit_many_paths,
          chequers_temple_overflow_statue_of_worship, chequers_decorated_corner

Action                     |  1- 3 |  4- 6 || total
---------------------------+-------+-------++-------
  Melee: Unarmed           |    77 |    37 ||   114
         Headbutt          |    10 |     6 ||    16
  Throw: Javelin           |     2 |       ||     2
 Invoke: Ancestor Identity |       |     1 ||     1
    Use: Potion            |     2 |     3 ||     5
         Scroll            |     2 |     5 ||     7
   Stab: Sleeping          |     1 |       ||     1
 Armour: Animal skin       |    14 |       ||    14
         Skin              |    24 |    20 ||    44
  Dodge: Dodged            |    52 |    39 ||    91
   Form: Flux              |     1 |       ||     1
